 Dungeon Crawl Stone Soup version 0.29.0-4-gdea44cf6ec (webtiles) character file.

Game seed: 4548517045972192261

55 qw the Chopper (level 3, -1/21 HPs)
             Began as a Tengu Warper on Aug 28, 2022.
             Slain by a gnoll
             ... wielding a +0 flail
              (9 damage)
             ... on level 2 of the Dungeon.
             The game lasted 00:00:07 (1506 turns).

qw the Chopper (Tengu Warper)                       Turns: 1506, Time: 00:00:07

Health: -1/21      AC:  5    Str: 13    XL:     3   Next: 93%
Magic:  7/7        EV: 11    Int: 13    God:
Gold:   80         SH:  0    Dex: 13    Spells: 6/6 levels left

rFire   . . .      SeeInvis .   Y - +0 hand axe
rCold   . . .      Faith    .   (no shield)
rNeg    . . .      Spirit   .   g - +0 ring mail
rPois   .          Reflect  .   (helmet restricted)
rElec   .          Harm     .   (no cloak)
rCorr   .          Rampage  .   (no gloves)
Will    .....                   (boots unavailable)
Stlth   +.........              (no amulet)
HPRegen 0.07/turn               (no ring)
MPRegen 0.10/turn               (no ring)

@: no status effects
A: beak, talons 3
a: no special abilities


You were on level 2 of the Dungeon.
You visited 1 branch of the dungeon, and saw 2 of its levels.

You collected 80 gold pieces.


Innate Abilities, Weirdness & Mutations

You have a beak for a mouth.
You have claws for feet.


   Skills:
 - Level 2.0 Fighting
 + Level 4.5 Axes
 - Level 1.0 Throwing
 - Level 1.1 Armour
 - Level 2.1 Dodging
 - Level 2.0 Spellcasting
 - Level 2.4 Translocations


You had 6 spell levels left.
You didn't know any spells.
Your spell library contained the following spells:

 Spells                   Type           Power      Damage    Failure   Level
 Blink                    Tloc           14%        N/A       30%         2
 Gell's Gravitas          Tloc           7%         N/A       52%         3
 Lesser Beckoning         Tloc           7%         N/A       52%         3
 Teleport Other           Tloc           7%         N/A       52%         3
 Manifold Assault         Tloc           7%         N/A       99%         5

Inventory:

Hand Weapons
 b - a +0 flail
 Y - a +0 hand axe (weapon)
Armour
 g - a +0 ring mail (worn)
Scrolls
 a - a scroll of identify
Potions
 d - a potion of curing {unknown}
 e - a potion of mutation {unknown}
 j - a potion of degeneration {unknown}

Dungeon Overview and Level Annotations

Branches:
Dungeon (2/15)

Altars:


Message History

You barely miss the gnoll. You claw the gnoll. Your peck misses the gnoll.
The gnoll is almost dead.
The gnoll hits you with a +0 flail.
You hit the gnoll.
You kill the gnoll!
You start resting.
HP restored.
b - a +0 flail Done exploring.
1498 ||| DROPPING +0 mace.
You drop a +0 mace.
Done exploring.
(D) Dungeon
Where to? (* - list waypoints, Enter - D:2, ? - help)
What level of the Dungeon? (default 1, ? - help)
There is a stone staircase leading down, spattered with blood here.
You climb downwards.
The gnoll barely misses you. The kobold hits you but does no damage.
There is a stone staircase leading up here.
You hit the gnoll. Your peck misses the gnoll.
The gnoll is heavily wounded.
You barely miss the kobold. The gnoll hits you with a +0 flail!
The kobold misses you. The kobold hits you but does no damage.
The gnoll hits you with a +0 flail.
You hit the gnoll.
The gnoll is severely wounded.
You closely miss the kobold. The gnoll closely misses you.
The kobold hits you but does no damage.
You hit the gnoll. Your peck misses the gnoll.
The gnoll is severely wounded.
You miss the kobold. The kobold hits you but does no damage.
The gnoll misses you.
You hit the gnoll but do no damage. You peck the gnoll, but do no damage.
The gnoll is severely wounded.
You hit the kobold but do no damage. The gnoll completely misses you.
The kobold barely misses you.
You closely miss the gnoll. Your kick misses the gnoll.
The gnoll is severely wounded.
You hit the kobold but do no damage. The gnoll hits you with a +0 flail!
You die...

.. #.# #.# # #.#
..# #.# .. #.#
#.##.##.##
.......K@#
....##g## #.
#.##.#
###.##.##.####
?..........<#
##.#.##g##.####
..............#
##..####g#####.#
....####.#.# #.#


You could see a gnoll and a kobold.

Vanquished Creatures
  3 gnolls
  2 dart slugs (D:1)
  2 endoplasms (D:1)
  A giant cockroach (D:1)
  2 goblins (D:1)
  3 hobgoblins (D:1)
  A kobold (D:1)
  2 quokkas
  2 bats (D:1)
  4 frilled lizards (D:1)
  2 rats (D:1)
24 creatures vanquished.

Notes
Turn   | Place    | Note
-------+----------+-------------------------------------------
     0 | D:1      | qw the Tengu Warper began the quest for the Orb.
     0 | D:1      | Reached XP level 1. HP: 12/12 MP: 4/4
     0 | D:1      | 0 ||| qw: Version: 0.1-a-89-g26bdef1
     0 | D:1      | 0 ||| qw: Game counter: 1120
     0 | D:1      | 0 ||| qw: Always use a shield: true
     0 | D:1      | 0 ||| qw: God list: Okawaru
     0 | D:1      | 0 ||| qw: Allow faded altars: false
     0 | D:1      | 0 ||| qw: Do Orc after D:15 true
     0 | D:1      | 0 ||| qw: Do second Lair branch before Depths: true
     0 | D:1      | 0 ||| qw: Lair rune preference: random
     0 | D:1      | 0 ||| qw: Plans: Normal
     0 | D:1      | 0 ||| PLANNING D:1-11
    47 | D:1      | 47 ||| Stepping ~*~*~tactically~*~*~ (hiding).
    48 | D:1      | 48 ||| Stepping ~*~*~tactically~*~*~ (hiding).
   172 | D:1      | Reached skill level 3 in Axes
   172 | D:1      | Reached XP level 2. HP: 17/17 MP: 6/6
   249 | D:1      | 249 ||| Stepping ~*~*~tactically~*~*~ (stealth).
   611 | D:1      | 611 ||| Stepping ~*~*~tactically~*~*~ (stealth).
   620 | D:1      | 620 ||| Stepping ~*~*~tactically~*~*~ (stealth).
   621 | D:1      | 621 ||| Stepping ~*~*~tactically~*~*~ (stealth).
   783 | D:1      | Found a faded altar of an unknown god.
   788 | D:1      | Reached XP level 3. HP: 20/21 MP: 7/7
  1051 | D:1      | 1051 ||| UPGRADING to +0 ring mail.
  1061 | D:1      | 1061 ||| DROPPING +0 leather armour.
  1062 | D:1      | 1062 ||| READING 2 scrolls labelled NUEPLAHUJO.
  1063 | D:1      | 1063 ||| READING scroll labelled LECVU ORUF.
  1064 | D:1      | 1064 ||| READING scroll labelled FEIFONT LUABLA.
  1065 | D:1      | 1065 ||| DROPPING scroll of blinking.
  1102 | D:2      | Reached skill level 4 in Axes
  1151 | D:2      | 1151 ||| FLEEEEING.
  1152 | D:2      | 1152 ||| FLEEEEING.
  1192 | D:2      | 1192 ||| FLEEEEING.
  1194 | D:2      | 1194 ||| FLEEEEING.
  1197 | D:2      | 1197 ||| STAIRDANCE
  1301 | D:2      | 1301 ||| STAIRDANCE
  1498 | D:1      | 1498 ||| DROPPING +0 mace.
  1506 | D:2      | Slain by a gnoll

Levels and vault maps discovered:
D:1:      psy_arrival_spokes, layout_basic, basic_ecumenical_altar
D:2:      wander_river, layout_basic

Skill      XL: |  1  2  3 |
---------------+----------+-----
Axes           | 3 4 |  4.5
Fighting       | |  2.0
Throwing       | |  1.0
Armour         | |  1.1
Dodging        | |  2.1
Spellcasting   | |  2.0
Translocations | |  2.4

Action                   || total
-------------------------++-------
Melee: Hand axe          ||    64
       Peck              ||    11
       Kick              ||    13
       Punch             ||     2
Throw: Boomerang         ||     7
  Use: Scroll            ||     3
Armor: Leather armour    ||    15
       Ring mail         ||     7
Dodge: Dodged            ||    35

Table legend:
 A = Non-vault XP
 B = Vault XP
 C = Vault XP percentage of total XP
 D = Non-vault monster count
 E = Vault monster count
 F = Vault count percentage of total count
                 A         B        C        D         E       F
            +---------+---------+-------+---------+---------+-------
      Total |      79 |       0 |   0.0 |      24 |       0 |   0.0
            +---------+---------+-------+---------+---------+-------
        D:1 |      50 |       0 |   0.0 |      21 |       0 |   0.0
        D:2 |      29 |       0 |   0.0 |       3 |       0 |   0.0
            +---------+---------+-------+---------+---------+-------
